 Dungeon Crawl Stone Soup version 0.29-a0-1027-gcd8c55af63 (webtiles) character file.

Game seed: 10903063268697315723

137 27heaven the Insei (level 4, -1/35 HPs)
             Began as a Demigod Transmuter on Aug 12, 2022.
             Slain by an orc
             ... wielding a +0 club
              (3 damage)
             ... on level 4 of the Dungeon.
             The game lasted 00:04:50 (3414 turns).

27heaven the Insei (Demigod Transmuter)             Turns: 3414, Time: 00:04:50

Health: -1/35      AC:  4    Str: 11    XL:     4   Next: 68%
Magic:  10/10      EV: 12    Int: 25    God:
Gold:   203        SH:  0    Dex: 14    Spells: 5/8 levels left

rFire   . . .      SeeInvis .     - Unarmed
rCold   . . .      Faith    .   (no shield)
rNeg    . . .      Spirit   .   a - +0 robe
rPois   .          Reflect  .   l - +0 helmet
rElec   .          Harm     .   (no cloak)
rCorr   .          Rampage  .   f - +0 pair of gloves
Will    .....                   (no boots)
Stlth   +.........              (no amulet)
HPRegen 0.11/turn               h - +6 ring of intelligence
MPRegen 0.12/turn               (no ring)

@: no status effects
A: high MP 1, forlorn, divine attributes
a: no special abilities


You were on level 4 of the Dungeon.
You visited 1 branch of the dungeon, and saw 4 of its levels.

You collected 203 gold pieces.

Inventory:

Hand Weapons
 m - a +0 sling
Armour
 a - a +0 robe (worn)
 f - a +0 pair of gloves (worn)
 l - a +0 helmet (worn)
Jewellery
 h - a +6 ring of intelligence (left hand)
 r - a ring of wizardry
Scrolls
 c - a scroll of immolation {unknown}
 g - 2 scrolls of summoning {unknown}
 i - 6 scrolls of identify {unknown}
 k - a scroll of enchant weapon {unknown}
 o - a scroll of teleportation {unknown}
 p - a scroll of vulnerability {unknown}
 q - a scroll of amnesia {unknown}
 s - a scroll of enchant armour {unknown}
Potions
 b - a potion of lignification
 d - a potion of degeneration {unknown}
 e - a potion of curing {unknown}
 j - 2 potions of heal wounds {unknown}
 n - a potion of berserk rage {unknown}
 t - a potion of invisibility {unknown}
 u - a potion of brilliance {unknown}


   Skills:
 + Level 1.2 Fighting
 + Level 2.1 Dodging
 + Level 3.6 Unarmed Combat
 + Level 2.7 Spellcasting
 + Level 2.9 Transmutations


You had 5 spell levels left.
You knew the following spells:

 Your Spells              Type           Power      Damage    Failure   Level
a - Beastly Appendage     Tmut           36%        N/A       3%          1
b - Wereblood             Tmut           18%        N/A       4%          2

Your spell library contained the following spells:

 Spells                   Type           Power      Damage    Failure   Level
 Slow                     Hex            12%        N/A       11%         1
 Static Discharge         Conj/Air       3%         3-4/arc   16%         2
 Spider Form              Tmut/Pois      10%        N/A       17%         3
 Confusing Touch          Hex            3%         N/A       30%         3
 Vampiric Draining        Necr           3%         2d6       30%         3
 Ice Form                 Ice/Tmut       10%        N/A       50%         4
 Dispel Undead            Necr           3%         3d7       71%         4
 Sticky Flame             Conj/Fire      3%         2d3       71%         4


Dungeon Overview and Level Annotations

Branches:
Dungeon (4/15)
 Temple: D:4-7


Innate Abilities, Weirdness & Mutations

You have an increased reservoir of magic. (+10% MP)
You shall have no god before yourself.
Your divine heritage dramatically boosts your attributes as you level up.


Message History

Something hits you. The orc barely misses you. The orc closely misses you.
A quokka comes into view.
You hit the orc but do no damage. You claw the orc.
The orc is lightly wounded.
Your primal bloodlust is almost over.
The orc closely misses you. Something hits you.
The orc hits you with a +0 club. The orc closely misses you.
You hit the orc but do no damage. You claw the orc, but do no damage.
You headbutt the orc.
The orc is severely wounded.
The orc closely misses you. Something hits you. The orc closely misses you.
The orc barely misses you.
You hit the orc but do no damage. You claw the orc, but do no damage.
The orc is severely wounded.
Something hits you. The orc hits you but does no damage. The orc misses you.
The orc hits you from afar with a +0 trident.
You hit the orc.
You feel a bit better.
You kill the orc!
Your horns disappear.
Your talons disappear.
Your +0 helmet unmelds from your body.
The orc misses you. Something hits you. The orc closely misses you.
You barely miss the orc. You closely miss the orc.
You hear some strange, mumbled words.
Something tries to affect you, but you resist.
The orc hits you with a +0 club. The orc barely misses you.
You barely miss the orc.
You howl as the wereblood boils in your veins!
Something hits you. The orc hits you but does no damage.
The orc hits you with a +0 club.
* * * LOW HITPOINT WARNING * * *
Unknown command.
Something hits you.
* * * LOW HITPOINT WARNING * * *
You howl as the wereblood boils in your veins!
Your primal bloodlust has ended.
Something hits you.
* * * LOW HITPOINT WARNING * * *
The orc attacks as you move away! The orc hits you with a +0 club.
You die...

..##########..
...#..........#
...............#
...........#.#.#
...............
...........#.# ##
......o).....#..#.
.......?r...##....
.......{@.#.#..... .
.......o..)..(.... #.
###............... ..
########).#..... #.####
####........
...####.....#####.
#.##...###...# .
#....#####.#....
...######............##..


You could see 2 orcs and a quokka.

Vanquished Creatures
  An orc priest (D:3)
  Robin (D:2)
  2 adders
  A white imp (D:3)
  2 dart slugs
  5 orcs
  6 ball pythons
  7 endoplasms
  4 giant cockroaches
  9 goblins
  6 hobgoblins
  4 quokkas
  2 bats
  5 frilled lizards
  A kobold (D:3)
  2 rats (D:3)
58 creatures vanquished.

Notes
Turn   | Place    | Note
-------+----------+-------------------------------------------
     0 | D:1      | 27heaven the Demigod Transmuter began the quest for the
                  | Orb.
     0 | D:1      | Reached XP level 1. HP: 15/15 MP: 5/5
   127 | D:1      | Reached XP level 2. HP: 10/22 MP: 5/7
   130 | D:1      | Learned a level 2 spell: Wereblood
   357 | D:1      | Reached skill level 3 in Unarmed Combat
   859 | D:2      | Reached XP level 3. HP: 19/27 MP: 6/9
  1473 | D:2      | Noticed Robin
  1491 | D:2      | Killed Robin
  2402 | D:3      | Reached skill level 1 in Fighting
  2402 | D:3      | Reached XP level 4. HP: 28/35 MP: 7/10
  3414 | D:4      | Slain by an orc

Illustrated notes

Levels and vault maps discovered:
D:1:      ebering_hopf_link, layout_rooms
D:2:      layout_basic, basic_ecumenical_altar, uniq_robin
D:3:      layout_basic, worldfamousw_hep_ancestral_shrine,
          guppyfry_early_lair_pool
D:4:      layout_rooms, serial_bayou_lagoon_a, hangedman_abyss_or_decor_passed

Skill      XL: |  1  2  3  4 |
---------------+-------------+-----
Transmutations | 2 |  2.9
Spellcasting   | 2 |  2.7
Unarmed Combat | 3 |  3.6
Fighting       | 1 |  1.2
Dodging        | 2 |  2.1

Action                   |  1- 3 |  4- 6 || total
-------------------------+-------+-------++-------
Melee: Unarmed           |   128 |    32 ||   160
       Kick              |    19 |     8 ||    27
       Headbutt          |     7 |     3 ||    10
       Punch             |     2 |       ||     2
 Cast: Beastly Appendage |    17 |     5 ||    22
       Wereblood         |    11 |     4 ||    15
 Stab: Sleeping          |     1 |       ||     1
Armor: Robe              |    22 |     6 ||    28
Dodge: Dodged            |    86 |    21 ||   107

Table legend: (Time is in decaauts)
 A = Elapsed time spent in this place.
 B = Non-inter-level travel time spent in this place.
 C = Inter-level travel time spent in this place.
 D = Time resting spent in this place.
 E = Time spent auto-exploring this place.
 F = Levels seen in this place.
 G = Mean time per level.
                   A        B        C        D        E       F      G
               +--------+--------+--------+--------+--------+-----+--------+
         Total |   3403 |   3314 |     89 |      0 |   2815 |   4 |  850.8 |
       Dungeon |   3403 |   3314 |     89 |      0 |   2815 |   4 |  850.8 |
               +--------+--------+--------+--------+--------+-----+--------+

Top non-repeatable levels by time:
     D:2: 1331 daAuts
     D:3: 1303 daAuts
     D:1: 726 daAuts
     D:4: 42 daAuts
